 Dungeon Crawl Stone Soup version 0.28.0-43-g3370ac3207 (webtiles) character file.

Game seed: 8866107636130876730

38 spiecas the Poker (level 3, -1/27 HPs)
             Began as a Merfolk Gladiator on Mar 7, 2022.
             Slain by an iguana (10 damage)
             ... on level 3 of the Dungeon.
             The game lasted 00:02:44 (1217 turns).

spiecas the Poker (Merfolk Gladiator)               Turns: 1217, Time: 00:02:44

Health: -1/27      AC:  4    Str: 14    XL:     3   Next: 43%
Magic:  3/3        EV: 13    Int:  7    God:
Gold:   35         SH:  0    Dex: 17    Spells: 2/2 levels left

rFire   . . .      SeeInvis .   a - +0 trident
rCold   . . .      Faith    .   (no shield)
rNeg    . . .      Spirit   .   b - +0 leather armour
rPois   .          Reflect  .   c - +0 helmet
rElec   .          Harm     .   (no cloak)
rCorr   .          Rampage  .   (no gloves)
Will    .....                   (no boots)
Stlth   +.........              (no amulet)
HPRegen 0.09/turn               (no ring)
MPRegen 0.08/turn               (no ring)

@: no status effects
A: (nimble swimmer 2), mertail
a: no special abilities


You were on level 3 of the Dungeon.
You visited 1 branch of the dungeon, and saw 3 of its levels.

You collected 35 gold pieces.

Inventory:

Hand Weapons
 a - a +0 trident (weapon)
 h - a +0 short sword
Missiles
 d - 3 throwing nets (quivered)
Armour
 b - a +0 leather armour (worn)
 c - a +0 helmet (worn)
Scrolls
 j - a scroll of identify {unknown}
Potions
 e - a potion of heal wounds {unknown}
 f - a potion of mutation {unknown}
 g - a potion of ambrosia {unknown}
 i - a potion of curing {unknown}


   Skills:
 + Level 2.3 Fighting
 + Level 2.0 Short Blades
 + Level 4.9 Polearms
 + Level 2.0 Throwing
 + Level 0.1 Armour
 * Level 4.5 Dodging
 + Level 0.1 Stealth


You had 2 spell levels left.
You didn't know any spells.
Your spell library contained the following spells:

 Spells                   Type           Power      Damage    Failure   Level
 Tukima's Dance           Hex            0%         N/A       87%         3
 Anguish                  Hex/Necr       0%         N/A       99%         4
 Enfeeble                 Hex            0%         N/A       100%        7


Dungeon Overview and Level Annotations

Branches:
Dungeon (3/15)

Altars:

Annotations:
D:3 Jessica


Innate Abilities, Weirdness & Mutations

((You are very nimble when in or above water. (Stealth+, EV+, Speed+++)))
Your lower body shifts to a powerful aquatic tail in water.


Message History

You kill the kobold!
Found a stone staircase leading down.
The iguana hisses angrily.
Things that are here:
a +0 short sword; 4 poisoned darts You closely miss the iguana.
The iguana bites you but does no damage.
You hit the iguana but do no damage. The iguana completely misses you.
You closely miss the iguana. The iguana barely misses you.
You hit the iguana.
The iguana is lightly wounded.
The iguana bites you but does no damage.
You hit the iguana but do no damage.
The iguana is lightly wounded.
The iguana closely misses you.
You hit the iguana.
The iguana is lightly wounded.
The iguana misses you.
You closely miss the iguana.
The iguana is lightly wounded.
The iguana bites you but does no damage.
You hit the iguana but do no damage.
The iguana is lightly wounded.
The iguana closely misses you.
You hit the iguana.
The iguana is heavily wounded.
The iguana barely misses you.
You hit the iguana.
The iguana is severely wounded.
The iguana closely misses you.
You barely miss the iguana.
The iguana is severely wounded.
The iguana bites you! The iguana bites you.
You barely miss the iguana.
The iguana is severely wounded.
The iguana misses you.
You hit the iguana.
The iguana is almost dead.
The iguana bites you!
You die...

####+###########
###............$.#
.........#.......#
...........@l...>#
@........#)#####.#.#
#.......<†.......#
###..#########.###
#.. #.# #. #. #


You could see an iguana.

Vanquished Creatures
  An adder (D:3)
  2 ball pythons
  2 giant cockroaches
  4 goblins (D:1)
  2 hobgoblins (D:1)
  6 jackals (D:1)
  2 quokkas (D:1)
  3 bats (D:1)
  2 kobolds
  2 rats
26 creatures vanquished.

Notes
Turn   | Place    | Note
-------+----------+-------------------------------------------
     0 | D:1      | spiecas the Merfolk Gladiator began the quest for the Orb.
     0 | D:1      | Reached XP level 1. HP: 16/16 MP: 1/1
   327 | D:1      | Reached XP level 2. HP: 21/22 MP: 2/2
   541 | D:1      | Reached skill level 1 in Short Blades
  1124 | D:1      | Reached XP level 3. HP: 27/27 MP: 3/3
  1194 | D:3      | Noticed Jessica
  1217 | D:3      | Slain by an iguana

Illustrated notes

Levels and vault maps discovered:
D:1:      ncdulo_watergridlock, layout_basic
D:2:      minmay_chambers_of_ones, layout_basic, grunt_ministairs_13,
          minmay_worlds_worst_comb, uniq_terence
D:3:      layout_basic, kennysheep_generic_room_14, uniq_jessica, uniq_robin

Skill      XL: |  1  2  3 |
---------------+----------+-----
Short Blades   | 1 2 |  2.0
Fighting       | |  2.3
Polearms       | |  4.9
Throwing       | |  2.0
Armour         | |  0.1
Dodging        | |  4.5
Stealth        | |  0.1

Action                   || total
-------------------------++-------
Melee: Trident           ||    59
       Punch             ||     1
       Short sword       ||    46
 Stab: Sleeping          ||     2
Armor: Leather armour    ||    54
Dodge: Dodged            ||   117
